 Dungeon Crawl Stone Soup version 0.27.1-35-g4d5d836560 (webtiles) character file.

Game seed: 18083846944070887976

10481 Delamore the Slicer (level 11, -10/72 HPs)
             Began as an Octopode Brigand on June 1, 2022.
             Was an Initiate of Gozag.
             Mangled by a fire giant (40 damage)
             ... on level 9 of the Dungeon.
             The game lasted 00:12:56 (8297 turns).

Delamore the Slicer (Octopode Brigand)              Turns: 8297, Time: 00:12:57

Health: -10/72     AC:  1    Str: 10    XL:     11   Next: 62%
Magic:  11/11      EV: 19    Int: 15    God:    Gozag
Gold:   920        SH: 12    Dex: 18    Spells: 7/10 levels left

rFire    + . .     SeeInvis .   C - +11 dagger of Duhyis Qopn {spect, Fragile +Blink rN+ Stlth+}
rCold    x . .     Faith    .   q - +6 buckler of Liberty {rElec Regen+ rCorr Int+2}
rNeg     + . .     Spirit   .   (helmet restricted)
rPois    .         Reflect  .   y - amulet of regeneration
rElec    +         Harm     .   a - +4 ring of slaying
rCorr    +         Rampage  .   e - ring of fire
Will     .....                  (no ring)
Stlth    +++++.....             (no ring)
HPRegen  2.22/turn              (no ring)
MPRegen  0.12/turn              (no ring)
                                (no ring)
                                (no ring)

@: no status effects
A: almost no armour, amphibious, 8 rings, camouflage 1, gelatinous body 1,
(nimble swimmer 1), tentacles
a: Renounce Religion, Evoke Blink, Potion Petition, Call Merchant, Bribe Branch


You were on level 9 of the Dungeon.
You worshipped Gozag.
Gozag was pleased with you.
You visited 2 branches of the dungeon, and saw 10 of its levels.

You collected 1193 gold pieces.
You spent 187 gold pieces at shops.
You paid 86 gold pieces to Gozag.

Inventory:

Hand Weapons
 f - a +0 rapier
 C - the +11 dagger of Duhyis Qopn (weapon) {spect, Fragile +Blink rN+ Stlth+}
   (You took it off an orc on level 6 of the Dungeon)

   When its wielder attacks, the weapon's spirit leaps out and strikes again.
   The spirit shares a part of any damage it takes with its wielder.
   rN:        It protects you from negative energy.
   +Blink:    It lets you blink.
   Fragile:   It will be destroyed if unequipped.
   Stlth:     It makes you more stealthy.
Missiles
 b - 29 poisoned darts
 d - 7 silver boomerangs (quivered)
 l - a throwing net
 m - 2 curare-tipped darts
 E - 4 javelins
Armour
 q - the +6 buckler of Liberty (worn) {rElec Regen+ rCorr Int+2}
   (You found it on level 4 of the Dungeon)

   Int:       It affects your intelligence (+2).
   rElec:     It insulates you from electricity.
   Regen:     It increases your rate of health regeneration.
   rCorr:     It protects you from acid and corrosion.
Jewellery
 a - a +4 ring of slaying (left tentacle)
 e - a ring of fire (right tentacle)
 y - an amulet of regeneration (around mantle)
Wands
 p - a wand of flame (18)
 v - a wand of charming (16)
 z - a wand of iceblast (5)
 A - a wand of paralysis (6)
Scrolls
 g - 4 scrolls of amnesia
 h - a scroll of vulnerability
 i - 3 scrolls of noise
 j - 2 scrolls of blinking
 k - a scroll of holy word
 n - a scroll of immolation
 r - a scroll of magic mapping {unknown}
 s - 2 scrolls of teleportation
 u - a scroll of fear
 B - a scroll of acquirement {unknown}
Potions
 c - 2 potions of attraction {unknown}
 o - a potion of invisibility
 t - 2 potions of might {unknown}
 w - 2 potions of brilliance {unknown}
 x - a potion of degeneration {unknown}
 D - 2 potions of mutation {unknown}


   Skills:
 + Level 6.2 Fighting
 - Level 10.0 Short Blades
 + Level 7.0 Throwing
 - Level 10.0 Dodging
 - Level 5.3 Stealth
 + Level 5.4 Shields
 - Level 5.0 Evocations


You had 7 spell levels left.
You knew the following spells:

 Your Spells              Type           Power      Damage    Failure   Level
a - Tukima's Dance        Hex            0%         N/A       63%         3

Your spell library contained the following spells:

 Spells                   Type           Power      Damage    Failure   Level
 Corona                   Hex            0%         N/A       26%         1
 Blink                    Tloc           N/A        N/A       38%         2
 Corpse Rot               Necr/Air       N/A        N/A       38%         2
 Ensorcelled Hibernation  Hex/Ice        0%         N/A       38%         2
 Poisonous Vapours        Pois/Air       0%         N/A       38%         2
 Ozocubu's Armour         Ice            0%         N/A       63%         3
 Freezing Cloud           Conj/Ice/Air   0%         6-21      100%        5
 Manifold Assault         Tloc           0%         N/A       100%        5
 Ozocubu's Refrigeration  Ice            0%         4d5       100%        7
 Storm Form               Tmut/Air       0%         N/A       100%        7


Dungeon Overview and Level Annotations

Branches:
Dungeon (9/15)             Temple (1/1) D:5            Lair (0/6) D:9
    Orc: D:9-12

Altars:
Ashenzari
Elyvilon
Fedhas
Gozag
Hepliaklqana
Kikubaaqudgha
Nemelex Xobeh
Okawaru
Qazlal
Ru
Trog
Uskayaw
Vehumet
Wu Jian
Xom
Zin

Shops:
D:6 *


Innate Abilities, Weirdness & Mutations

You cannot wear most types of armour.
You are amphibious.
You can wear up to eight rings at the same time.
Your skin changes colour to match your surroundings (Stealth+).
Your rubbery body absorbs attacks. (AC +1, EV +1)
((You are camouflaged near water. (Stealth+)))
You have tentacles for arms and can constrict up to eight enemies at once.


Message History

Okay, then.
Okay, then.
Press: ? - help, v - describe, . - travel
Here: a fire giant, wielding a +1 great sword of flaming (lightly wounded)
The floor.
As you read the scroll of fear, it crumbles to dust.
You assume a fearsome visage.
The fire giant looks frightened!
The fire giant is distracted by your dazzling golden aura.
The fire giant shouts!
You puncture the fire giant!
The fire giant is no longer distracted by gold.
Your attack snaps the fire giant out of its fear.
The fire giant is lightly wounded.
You hear a shout!
You hear a horrible gurgling sound!
You hit the fire giant.
The fire giant is moderately wounded.
The fire giant gestures at you while chanting.
The bolt of fire misses you.
The tree burns like a torch!
The forest fire spreads!
A tengu warrior comes into view.
It is wielding the +9 falchion "Qivatt" {venom, +Blink rElec rPois Str-5}.
You puncture the fire giant! You squeeze the fire giant.
The fire giant is moderately wounded.
You puncture the fire giant! You squeeze the fire giant!
The fire giant is heavily wounded.
You are engulfed in blazing flames.
You resist.
The fire giant gestures at you while chanting.
The bolt of fire hits you!! You resist.
The tree burns like a torch!
The forest fire spreads!
You puncture the fire giant!
The fire giant is heavily wounded.
You are engulfed in blazing flames.
You resist.
The tengu warrior is engulfed in blazing flames.
The forest fire spreads!
You hit the fire giant. You squeeze the fire giant!
The fire giant is severely wounded.
You are engulfed in blazing flames.
You resist.
The fire giant hits you with a +1 great sword of flaming!!!
Ouch! That really hurt!
You die...
Your body crumbles into a pile of gold.

#.$..#
#....#
#...##
#...#
..#.##
♣♣♣♣
..#..#
♣§♣. ♣♣
.##./#
♣§§§♣♣.##
###.<#
♣.§Q§...#
###..#
♣§@# ..♣
..>..#
♣♣°♣C.(#
♣...
.....#$
♣$$♣♣.##
♣..♣ $
.....#
♣.$♣♣♣♣
♣..♣
.....#
♣♣.$♣♣
♣..♣
.....#
♣♣..♣♣..♣
.....#
♣♣....♣
.....#
♣♣..♣♣
##..##
♣♣.♣


You could see a fire giant and a tengu warrior.

Vanquished Creatures
  A centaur warrior (D:9)
  A wizard (D:9)
  2 ugly things (D:9)
  A cyclops (D:9)
  A troll (D:8)
  Grinder (D:6)
  Prince Ribbit (D:5)
  22 yaks
  Sigmund (D:4)
  2 wyverns (D:9)
  2 basilisks (D:9)
  6 water moccasins
  Duvessa (D:4)
  An orc warrior (D:8)
  3 ice beasts
  2 necrophages
  An ogre (D:6)
  4 centaurs
  A kobold brigand (D:9)
  A bullfrog (D:7)
  3 scorpions
  A water moccasin zombie (D:5)
  Dowan (D:4)
  6 killer bees
  7 wights
  A howler monkey (D:5)
  3 crimson imps (D:6)
  A centaur zombie (D:6)
  A bullfrog zombie (D:5)
  3 hounds
  2 jellies
  7 orc priests
  A gnoll shaman (D:7)
  A centaur skeleton (D:7)
  6 iguanas
  Ijyb (D:3)
  Terence (D:3)
  3 orc wizards
  9 gnolls
  A howler monkey skeleton (D:5)
  9 adders
  2 shadow imps
  2 white imps
  An adder skeleton (D:4)
  A worm (D:3)
  13 orcs
  9 endoplasms
  4 giant cockroaches
  4 hobgoblins
  14 kobolds
  4 quokkas
  10 ball pythons
  7 bats
  A frilled lizard (D:1)
  4 goblins
  3 rats
202 creatures vanquished.

Vanquished Creatures (others)
  5 wights (D:7)
  2 fungi (D:7)
  13 plants
20 creatures vanquished.

Grand Total: 222 creatures vanquished

Notes
Turn   | Place    | Note
-------+----------+-------------------------------------------
     0 | D:1      | Delamore the Octopode Brigand began the quest for the Orb.
     0 | D:1      | Reached XP level 1. HP: 14/14 MP: 1/1
    75 | D:1      | Reached XP level 2. HP: 18/19 MP: 2/2
   178 | D:1      | Reached XP level 3. HP: 15/24 MP: 3/3
  1099 | D:2      | Reached XP level 4. HP: 29/29 MP: 4/4
  1213 | D:2      | Noticed a scorpion
  1218 | D:2      | Killed a scorpion
  1219 | D:2      | Reached XP level 5. HP: 21/34 MP: 5/5
  1676 | D:3      | Noticed Terence
  1679 | D:3      | Killed Terence
  2280 | D:3      | Noticed Ijyb
  2283 | D:3      | Killed Ijyb
  2284 | D:3      | Reached skill level 5 in Short Blades
  2284 | D:3      | Reached skill level 1 in Shields
  2284 | D:3      | Reached XP level 6. HP: 39/39 MP: 6/6
  2835 | D:4      | Noticed Dowan
  2837 | D:4      | Noticed Duvessa
  2845 | D:4      | Killed Dowan
  2848 | D:4      | Killed Duvessa
  2849 | D:4      | Reached XP level 7. HP: 29/45 MP: 7/7
  3240 | D:4      | Found a sacrificial altar of Ru.
  3553 | D:4      | Identified the +6 buckler of Liberty {rElec Regen+ rCorr
                  | Int+2}
  3653 | D:4      | Noticed Sigmund
  3659 | D:4      | Killed Sigmund
  3909 | D:4      | Found a broken altar of Ashenzari.
  3932 | D:5      | Entered Level 5 of the Dungeon
  4040 | D:5      | Found an iron altar of Okawaru.
  4159 | D:5      | Noticed Prince Ribbit
  4161 | D:5      | Reached XP level 8. HP: 50/50 MP: 8/8
  4196 | D:5      | Killed Prince Ribbit
  4197 | D:5      | Reached skill level 5 in Throwing
  4274 | D:5      | Found a staircase to the Ecumenical Temple.
  4286 | Temple   | Entered the Ecumenical Temple
  4396 | Temple   | Became a worshipper of Gozag Ym Sagoz the Greedy
  4990 | D:6      | Noticed Grinder
  5015 | D:6      | Paralysed by Grinder for 5 turns
  5025 | D:6      | Killed Grinder
  5155 | D:6      | Found a shimmering altar of Xom.
  5394 | D:6      | Reached XP level 9. HP: 54/54 MP: 9/9
  5405 | D:6      | Learned a level 3 spell: Tukima's Dance
  5510 | D:6      | Reached skill level 10 in Short Blades
  5510 | D:6      | Reached skill level 1 in Evocations
  5816 | D:6      | Found Buankocau's General Store.
  5852 | D:6      | Identified the +11 dagger of Duhyis Qopn {spect, Fragile
                  | +Blink rN+ Stlth+}
  6006 | D:6      | Bought a wand of iceblast (5) for 99 gold pieces
  6006 | D:6      | Bought a wand of paralysis (6) for 88 gold pieces
  6288 | D:7      | Reached XP level 10. HP: 62/64 MP: 10/10
  6491 | D:7      | Found a stormy altar of Qazlal.
  6496 | D:7      | Found a blossoming altar of Fedhas.
  6536 | D:7      | Reached skill level 5 in Fighting
  6586 | D:7      | Found an ornate altar of the Wu Jian Council.
  7110 | D:8      | Reached skill level 5 in Evocations
  7118 | D:8      | Reached skill level 5 in Dodging
  7492 | D:8      | Found a radiant altar of Vehumet.
  7506 | D:8      | Found a white marble altar of Elyvilon.
  8092 | D:9      | Reached XP level 11. HP: 71/71 MP: 11/11
  8129 | D:9      | Found a hazy altar of Hepliaklqana.
  8153 | D:9      | Found a staircase to the Lair.
  8197 | D:9      | Reached skill level 10 in Dodging
  8262 | D:9      | Noticed a wizard
  8263 | D:9      | Noticed a centaur warrior
  8267 | D:9      | Killed a wizard
  8268 | D:9      | Noticed a cyclops
  8271 | D:9      | Killed a centaur warrior
  8272 | D:9      | Noticed a brown ugly thing
  8274 | D:9      | Noticed a purple ugly thing
  8275 | D:9      | Killed a cyclops
  8276 | D:9      | Reached skill level 5 in Shields
  8277 | D:9      | Noticed a fire giant
  8279 | D:9      | Killed a brown ugly thing
  8285 | D:9      | Killed a purple ugly thing
  8294 | D:9      | Identified the +9 falchion "Qivatt" {venom, +Blink rElec
                  | rPois Str-5}
  8294 | D:9      | Noticed a tengu warrior
  8297 | D:9      | Mangled by a fire giant

Illustrated notes

Levels and vault maps discovered:
D:1:      lightli_arrival_chessboard, layout_basic, corexii_corridor_pit,
          minmay_hexomino_u4
D:2:      layout_rooms, minmay_misc_feat_diagonals
D:3:      layout_loops_corners, uniq_ijyb, uniq_terence
D:4:      layout_loops_ring, mainiacjoe_overflow_swirl, uniq_sigmund,
          uniq_duvessa
D:5:      layout_basic, okawaru_trees_1, minmay_temple_entry_sparse_star,
          minmay_misc_feat_rugged, patterned_corridor, uniq_prince_ribbit1
D:6:      layout_basic, led_xom_imps, serial_shops, nicolae_lakefront_shop,
          minivault_26, uniq_grinder
D:7:      layout_rooms, grunt_temple_overflow_forces_of_nature,
          mainiacjoe_overflow_alcove_4, serial_glass, glass_columns_b,
          glass_columns_b, lemuel_flamethrower_2
D:8:      layout_loops_ring, mainiacjoe_overflow_six_doors_small,
          nicolae_vehumet_altar_sigil
D:9:      nzn_winding_woodlands_large [nzn_winding_woodlands_5x5_open_star,
          nzn_winding_woodlands_5x15_pockets, nzn_winding_woodlands_hourglass,
          nzn_winding_woodlands_center_triple_pond,
          nzn_winding_woodlands_15x15_thick_spiral,
          nzn_winding_woodlands_center_diamonds,
          nzn_winding_woodlands_5x5_three, nzn_winding_woodlands_5x15_crooked,
          nzn_winding_woodlands_5x5_checkerboard], layout_rooms,
          mainiacjoe_overflow_tiny_flanked, minmay_lair_entry_grove
Temple:   dpeg_chambers_temple

Skill      XL: |  1  2  3  4  5  6  7  8  9 10 11 |
---------------+----------------------------------+-----
Short Blades   | 3 4 5 6 9 10 | 10.0
Throwing       | 3 4 6 7 |  7.0
Shields        | 1 2 3 4 5 |  5.4
Evocations     | 3 5 |  5.0
Dodging        | 3 8 10 | 10.0
Fighting       | 4 5 6 |  6.2
Stealth        | |  5.3

Action                   |  1- 3 |  4- 6 |  7- 9 | 10-12 || total
-------------------------+-------+-------+-------+-------++-------
Melee: Dagger            |    56 |    62 |   316 |   171 ||   605
       Constrict         |     8 |    11 |    30 |    30 ||    79
       Tentacles         |     3 |    14 |    75 |    44 ||   136
Throw: Dart              |       |    15 |    29 |     2 ||    46
       Boomerang         |       |     7 |    42 |     6 ||    55
Evoke: Wand              |       |     4 |     6 |       ||    10
  Use: Scroll            |     1 |     5 |     1 |     3 ||    10
       Potion            |       |     3 |     1 |       ||     4
 Stab: Sleeping          |    18 |    11 |     9 |     6 ||    44
       Distracted        |       |       |     3 |     2 ||     5
       Invisible         |       |       |     2 |       ||     2
Armor: Skin              |     4 |     4 |     4 |     2 ||    14
Dodge: Dodged            |    23 |    28 |    42 |    38 ||   131
Block: Buckler           |       |     3 |    72 |    45 ||   120
